 BcadrenCrawl: Boulder Brew version 0.04-10-g8a6d0ff729 (webtiles) character file.

Game seed: 5872328598746635882, levelgen mode: deterministic

1124 Chiseanne the Ducker (level 8, -10/85 HPs) Goblin Demonspawn. Began on Mar 27, 2021. Mangled by a guardian mummy ... wielding a cursed +0 short sword {(Curse: *Slow rF-)} (23 damage) ... on level 3 of the Dungeon. The game lasted 00:07:00 (2323 turns).

Chiseanne the Ducker (Goblin Demonspawn)            Turns: 2323, Time: 00:07:01

Health: -10/85     AC:  8    Str: 13    XL:     8 ^: 373
Magic:  8/8        EV: 15    Int:  6    God:
Gold:   138        SH:  1    Dex:  6    Spells: 8/9 levels left

rFire    . . .     Vision   .   a - +0 long sword
rCold    . . .     Gourm    .   b - +0 buckler
rNeg     . . .     Faith    .   f - +0 ring mail
rPois    +         Spirit   .   (no helmet)
rElec    .         Reflect  .   (no cloak)
rCorr    .         Harm     .   (no gloves)
MR       .....                  (no boots)
Stlth    ..........             (no amulet)
HPRegen  0.38/turn              h - ring of wizardry
MPRegen  0.18/turn              m - ring of poison resistance

@: berserking, very quick
A: small, stagnant stats, goblin's greed, claws 1, molten scales 1, low mp 1,
mutation resistance 1, spiny 2, god's pity 2
a: no special abilities


You were on level 3 of the Dungeon.
You were not hungry.

You visited 1 branch of the dungeon, and saw 3 of its levels.

You collected 117 gold pieces.

Inventory:

Weapons
 a - a +0 long sword (weapon)
 s - a +2 short sword of venom Shields
 b - a +0 buckler (shield)
Armour
 f - a +0 ring mail (worn)
Jewellery
 h - a ring of wizardry (left claw)
 m - a ring of poison resistance (right claw)
Scrolls
 e - 3 scrolls of teleportation
 i - 2 scrolls of blinking
 j - a scroll of magic mapping
Potions
 c - a potion of haste
 l - a potion of curing
Comestibles
 d - 7 rations
 g - a chunk of flesh


   Skills:
 * Level 6.0 Fighting
 - Level 2.6 Long Blades
 * Level 5.3 Armour
 * Level 7.2 Dodging
 - Level 2.6 Stealth
 * Level 5.2 Shields
 - Level 1.3 Spellcasting
 - Level 2.6 Fire Magic
   Level 4.0 Invocations


You had 8 spell levels left.
You knew the following spells:

 Your Spells              Type           Power        Failure   Level  Hunger
a - Flame Tongue          Fire           3 (30)       9%          1    ##.....

Your spell library contained the following spells:

 Spells                   Type           Power        Failure   Level  Hunger
 Conjure Flame            Fire           3 (100)      26%         3    ####...
 Blink                    Tloc           N/A          34%         2    ###....
 Call Imp                 Summ           0 (100)      34%         2    ###....
 Slow                     Hex            0 (100)      34%         2    ###....
 Mephitic Cloud           Pois/Air       0 (100)      56%         3    ####...


Dungeon Overview and Level Annotations

Branches:
Dungeon (3/8)

Altars:
Nemelex Xobeh


Innate Abilities, Weirdness & Mutations

Your stats never grow through leveling.
Your goblin ancestry allows you to find more gold. (+20%)
You are small and have problems with some larger weapons.
You have sharp fingernails. (+2 Unarmed)
You are partially covered in molten scales. (AC +2)
Your magical capacity is low. (-10% MP)
You are somewhat resistant to further mutation.
You are mostly covered in sharp spines.
The pity of the gods increases the power of your passive and invoked divine abilities.


Message History

Your +2 short sword of venom stops dripping with poison.
a - a +0 long sword (weapon)
The guardian mummy blocks your attack.
The guardian mummy hits you with a short sword (14)!
A red film seems to cover your vision as you go berserk!
You feel yourself moving faster!
You feel mighty!
The guardian mummy hits you with a short sword (7)!
The guardian mummy blocks your attack.
You barely miss the guardian mummy.
The guardian mummy is struck by your spines (3).
The guardian mummy hits you but does no damage.
The guardian mummy blocks your attack.
The guardian mummy is struck by your spines (7)!
The guardian mummy hits you with a short sword (19)!!
* * * LOW HITPOINT WARNING * * *
The guardian mummy blocks your attack. The guardian mummy blocks your attack.
You slash the mummy (10)!
The guardian mummy hits you with a short sword (23)!!
You die...

.#........#.........#.....#
.#........#.........#.....#
.##'#######.........#.....#
..........#.........#....########
#.....b...#.........+....#......#
'.........######.8.8.....#......#
#..............#...#.....#......#
#..............MM###.....'......#
#.............†#@# #.....#......#
##'#######...8M### ###.8.#†.....#
.#.......+.....'.ssMM#...#......#
.#.......#...8.###s###.8.#......#
.#.......#...>...# #.....#......#
.#.......#.....#.###.....#......#
##.......#.....#.........#......#
##########.....#.8.8......#######
.#.......#.....###.####'#†#


You could see a guardian mummy and a mummy.

Vanquished Creatures
  3 scorpions (D:3)
  An ice beast (D:3)
  2 ogres (D:3)
  2 orc priests (D:3)
  A hound (D:3)
  4 orc wizards (D:3)
  3 worker ants (D:3)
  4 giant cockroaches
  3 bullfrog skeletons (D:3)
  A porcupine skeleton (D:3)
  5 adders
  2 sewer rats (D:3)
  9 cinder newts
  3 oozes
  2 hound skeletons (D:3)
  2 dart slugs
  2 leopard geckos (D:3)
  8 orcs (D:3)
  An adder skeleton (D:3)
  A ball python (D:3)
  3 bats
  4 goblins (D:1)
  3 hobgoblins (D:1)
  3 jackals (D:3)
  A quokka (D:3)
  A bat skeleton (D:2)
  4 jackal skeletons (D:3)
  4 kobolds (D:1)
  A leopard gecko skeleton (D:3)
  A quokka skeleton (D:3)
  4 rats
  A plant (D:1)
  4 withered plants (D:2)
93 creatures vanquished.

Vanquished Creatures (others)
  A kobold (D:2)
  2 giant blowflies (D:2)
  3 plants (D:1)
  38 withered plants (D:2)
44 creatures vanquished.

Grand Total: 137 creatures vanquished

Notes
Turn   | Place    | Note
-------+----------+-------------------------------------------
     0 | D:1      | Chiseanne the Goblin Demonspawn began the quest for the
                  | Orb.
     0 | D:1      | Reached XP level 1. HP: 13/13 MP: 2/2
    54 | D:1      | Gained mutation: You are partially covered in molten
                  | scales. (AC +2) [demonic ancestry]
    54 | D:1      | Reached XP level 2. HP: 18/19 MP: 3/3
   236 | D:1      | Reached XP level 3. HP: 23/25 MP: 4/4
   254 | D:1      | Reached skill level 1 in Armour
   411 | D:1      | Reached skill level 1 in Shields
   411 | D:1      | Gained mutation: You have sharp fingernails. (+2 Unarmed)
                  | [demonic ancestry]
   411 | D:1      | Reached XP level 4. HP: 24/30 MP: 5/5
   774 | D:2      | Reached skill level 5 in Dodging
   784 | D:2      | Gained mutation: You are partially covered in sharp spines.
                  | [demonic ancestry]
   784 | D:2      | Reached XP level 5. HP: 36/36 MP: 6/6
   820 | D:3      | Found a sparkling altar of Nemelex Xobeh.
   896 | D:3      | Found a runed translucent door.
   897 | D:3      | Noticed a scorpion
   954 | D:3      | Noticed an ice beast
   972 | D:3      | Killed an ice beast
   972 | D:3      | Reached XP level 6. HP: 23/43 MP: 7/7
  1327 | D:3      | Gained mutation: You are mostly covered in sharp spines.
                  | [demonic ancestry]
  1327 | D:3      | Reached XP level 7. HP: 47/49 MP: 8/8
  1346 | D:3      | Reached skill level 6 in Dodging
  1575 | D:3      | Reached skill level 5 in Fighting
  1793 | D:3      | Reached XP level 8. HP: 34/55 MP: 8/8
  2310 | D:3      | Reached skill level 5 in Armour
  2310 | D:3      | Reached skill level 7 in Dodging
  2310 | D:3      | Reached skill level 5 in Shields
  2323 | D:3      | Mangled by a guardian mummy

Levels and vault maps discovered:
D:1:      minmay_arrival_open_corners, layout_basic, serial_bayou_pond_c,
          minmay_octomino_e4
D:2:      layout_sewer, nicolae_qazlal_style_of_elements,
          cheibrodos_ashenzari_chains,
          chequers_temple_overflow_statue_of_worship, serial_shops, shop
D:3:      layout_gridville, bcadren_lemuel_inverted_doored_altar, first_ration,
          nicolae_ossuary_entry_plus

Skill      XL: |  1  2  3  4  5  6  7  8 |
---------------+-------------------------+-----
Fighting       | 2 3 4 5 6 |  6.0
Armour         | 1 2 3 4 5 |  5.3
Shields        | 1 2 3 4 5 |  5.2
Dodging        | 5 6 7 |  7.2
Long Blades    | |  2.6
Stealth        | |  2.6
Spellcasting   | |  1.3
Fire Magic     | |  2.6
Invocations    | |  4.0

Action                   |  1- 3 |  4- 6 |  7- 9 || total
-------------------------+-------+-------+-------++-------
Melee: Long sword        |    76 |   124 |    17 ||   217
       Unarmed           |    45 |       |       ||    45
       Short sword       |       |     6 |    78 ||    84
  Use: Potion            |       |       |     2 ||     2
  Eat: Chunk             |       |     2 |     4 ||     6
Armor: Leather armour    |     7 |       |       ||     7
       Ring mail         |    11 |    52 |    25 ||    88
       Skin              |       |       |     4 ||     4
Dodge: Dodged            |    77 |   137 |    57 ||   271
Block: Buckler           |       |       |     1 ||     1
       Rpst.: Long sword |    22 |    48 |     1 ||    71
